cohdb
Replays
Latest Replays
All Replays
Popular Replays
Top Player Replays
Match Explorer
How It Works
Community
CoH3 Stats
Reddit
Sign in to upload your games and track your stats! →
Sign in with Steam
Match 46930414
Unlisted
Match 46930414
Overview
Messages
Build Orders
End
Vickers Machine Gun Team
Construct Section Command Post
Dingo Light Scout Car
Infantry Section
ML 3-inch Mortar Team
Infantry Section
Construct Platoon Command Post
Unlock M3 Stuart Light Tanks
Infantry Section
Selects Canadian Shock Battlegroup
Selects Canadian Shock Battlegroup
Selects Incendiary Munitions
M3 Stuart Light Tank
Selects Pyrotechnics
M3 Stuart Light Tank
Construct Field Infirmary
XuZhongwei
pisopisooo
0
0
Comments
sign in to comment!
No comments posted yet!